 Dungeon Crawl Stone Soup version 0.18.1-8-gdd0e5ea (webtiles) character file.

74 DevlanMud the Chucker (level 4, -3/44 HPs)
             Began as an Ogre Hunter on May 22, 2016.
             Slain by Natasha (7 damage)
             ... on level 2 of the Dungeon.
             The game lasted 00:07:41 (1693 turns).

DevlanMud the Chucker (Ogre Hunter)                 Turns: 1693, Time: 00:07:42

Health: -3/44      AC:  4    Str: 17    XL:     4   Next: 28%
Magic:  0/4        EV: 10    Int: 10    God:
Gold:   106        SH:  0    Dex: 11    Spells: 0 memorised, 3 levels left

rFire  . . .     SeeInvis .     p - +0 mace
rCold  . . .     Gourm    .     b - +1 robe
rNeg   . . .     Faith    .     (no shield)
rPois  .         Spirit   +     (helmet restricted)
rElec  .         Dismiss  .     (no cloak)
rCorr  .         Reflect  .     (gloves unavailable)
SustAt .         Harm     .     (boots unavailable)
MR     .....                    j - amulet of guardian spirit
Stlth  +.........               (no ring)
                                (no ring)

@: not resistant to hostile enchantments, very unstealthy
A: unfitting armour, tough skin 1
a: no special abilities


You were on level 2 of the Dungeon.
You were not hungry.

You visited 1 branch of the dungeon, and saw 2 of its levels.

You collected 106 gold pieces.

Inventory:

Hand Weapons
 p - a +0 mace (weapon)
Missiles
 h - 44 stones (quivered)
Armour
 b - a +1 robe (worn)
Jewellery
 j - an amulet of guardian spirit (around neck)
Scrolls
 g - a scroll of recharging
Potions
 e - 2 potions of flight {unknown}
 i - 2 potions of lignification {unknown}
 l - 2 potions of haste {unknown}
 n - a potion of curing {unknown}
Comestibles
 a - a beef jerky
 f - 2 bread rations
 k - 2 meat rations
 o - a chunk of flesh


   Skills:
 + Level 2.8 Fighting
 * Level 0.6 Maces & Flails
 + Level 5.0 Throwing
 + Level 2.7 Dodging
 + Level 0.8 Stealth


You had 3 spell levels left.
You didn't know any spells.

Dungeon Overview and Level Annotations

Branches:
Dungeon (2/15)

Altars:

Annotations:
D:2 Natasha, Terence


Innate Abilities, Weirdness & Mutations

You are too large for most types of armour.
You have tough skin (AC +1).


Message History

* * * LOW HITPOINT WARNING * * *
You hit Natasha.
Natasha is heavily wounded.
Natasha barely misses you. Natasha closely misses you.
You hit Natasha.
Natasha is severely wounded.
Natasha closely misses you.
You barely miss Natasha.
Natasha is severely wounded.
Natasha closely misses you.
You barely miss Natasha.
Natasha is severely wounded.
Natasha stares at you and mumbles some strange words.
The magic dart hits you!
* * * LOW HITPOINT WARNING * * *
Natasha barely misses you.
You closely miss Natasha.
Natasha is severely wounded.
Natasha claws you!
You die...

... ... .... ### ....
... .## ... ..... ..###
...
#.##...####....########
#.##.#
#...<............#
#....########)####.....#
##..(.....h@..........#
#...##########..#.....#
......#.## ###.......#
.#### #..####
#.........# #.....##
#.........####
##..#..####..........>.#
##....................#
#....####............#
.........>.#
#.#.@.####.###


You could see Natasha.

Vanquished Creatures
  Ijyb (D:2)
  An adder (D:2)
  A dart slug (D:1)
  4 giant geckos
  A ball python (D:1)
  4 bats (D:1)
  3 giant cockroaches
  A goblin (D:1)
  3 hobgoblins (D:1)
  4 jackals
  3 kobolds (D:1)
  3 giant newts
  5 rats (D:1)
34 creatures vanquished.

Notes
Turn   | Place    | Note
--------------------------------------------------------------
     0 | D:1      | DevlanMud the Ogre Hunter began the quest for the Orb.
     0 | D:1      | Reached XP level 1. HP: 22/22 MP: 1/1
   171 | D:1      | Reached XP level 2. HP: 28/29 MP: 2/2
   835 | D:1      | Reached XP level 3. HP: 36/36 MP: 3/3
  1377 | D:2      | Noticed Ijyb
  1504 | D:2      | Killed Ijyb
  1504 | D:2      | Reached XP level 4. HP: 35/44 MP: 2/4
  1620 | D:2      | Reached skill level 5 in Throwing
  1662 | D:2      | Noticed Terence
  1672 | D:2      | Noticed Natasha
  1693 | D:2      | Slain by Natasha

Skill      XL: |  1  2  3  4 |
---------------+-------------+-----
Dodging        | 2 |  2.7
Throwing       | 5 |  5.0
Fighting       | |  2.8
Maces & Flails | |  0.6
Stealth        | |  0.8

Action                   |  1- 3 |  4- 6 || total
-------------------------+-------+-------++-------
Melee: Club              |    35 |       ||    35
       Mace              |       |    10 ||    10
Throw: Large rock        |    11 |     3 ||    14
       Stone             |   112 |    22 ||   134
       Throwing net      |       |     2 ||     2
  Use: Scroll            |     5 |       ||     5
  Eat: Chunk             |     2 |       ||     2
Armor: Robe              |    42 |     3 ||    45
Dodge: Dodged            |    58 |    16 ||    74
